 Dungeon Crawl Stone Soup version 0.30-a0-800-g7c544603b3 (webtiles) character file.

Game seed: 17744346559382777520

105 voltaire321 the Insei (level 4, -1/29 HPs)
             Began as an Octopode Transmuter on Feb 22, 2023.
             Slain by a gnoll
             ... wielding a +0 halberd of protection
              (7 damage)
             ... on level 2 of the Dungeon.
             The game lasted 00:05:50 (1599 turns).

voltaire321 the Insei (Octopode Transmuter)         Turns: 1599, Time: 00:05:50

Health: -1/29      AC:  1    Str:  9    XL:     4   Next: 81%
Magic:  0/7        EV: 13    Int: 15    God:
Gold:   151        SH:  0    Dex: 14    Spells: 2/8 levels left

rFire   . . .      SeeInvis .      - Unarmed
rCold   . . .      Faith    .    (no shield)
rNeg    . . .      Spirit   +    (helmet restricted)
rPois   +          Reflect  .    g - amulet of guardian spirit
rElec   .          Harm     .    c - ring of poison resistance
rCorr   .          Rampage  .    j - ring of wizardry
Will    .....                    (no ring)
Stlth   ++                       (no ring)
HPRegen 0.24/turn                (no ring)
MPRegen 0.10/turn                (no ring)
                                 (no ring)
                                 (no ring)

@: no status effects
A: almost no armour, amphibious, 8 rings, camouflage 1, gelatinous body 1,
(nimble swimmer 1), tentacles
a: no special abilities


You were on level 2 of the Dungeon.
You visited 1 branch of the dungeon, and saw 2 of its levels.

You collected 151 gold pieces.

Inventory:

Hand Weapons
 k - a +1 dagger of venom
 o - a +0 sling
Magical Staves
 d - a staff of poison
Jewellery
 c - a ring of poison resistance (left tentacle)
 g - an amulet of guardian spirit (around mantle)
 j - a ring of wizardry (right tentacle)
Scrolls
 f - 2 scrolls of identify {unknown}
 h - a scroll of enchant armour {unknown}
 i - a scroll of blinking {unknown}
 l - a scroll of amnesia {unknown}
 m - a scroll of brand weapon {unknown}
Potions
 a - a potion of lignification
 b - a potion of attraction {unknown}
 e - 6 potions of curing {unknown}
 n - a potion of brilliance {unknown}


   Skills:
 + Level 1.8 Fighting
 + Level 2.6 Dodging
 + Level 3.4 Unarmed Combat
 + Level 2.5 Spellcasting
 + Level 2.7 Transmutations
 + Level 1.8 Poison Magic


You had 2 spell levels left.
You knew the following spells:

 Your Spells              Type           Power      Damage    Failure   Level
a - Spider Form           Tmut/Pois      8%         N/A       11%         3
b - Wereblood             Tmut           10%        N/A       4%          2
c - Beastly Appendage     Tmut           20%        N/A       2%          1

Your spell library contained the following spells:

 Spells                   Type           Power      Damage    Failure   Level
 Ice Form                 Ice/Tmut       5%         N/A       43%         4


Dungeon Overview and Level Annotations

Branches:
Dungeon (2/15)

Altars:


Innate Abilities, Weirdness & Mutations

You cannot wear most types of armour.
You are amphibious.
You can wear up to eight rings at the same time.
Your skin changes colour to match your surroundings (Stealth+).
Your rubbery body absorbs attacks. (AC +1, EV +1)
((You are camouflaged when in or above water. (Stealth+)))
You have tentacles for arms and can constrict up to eight enemies at once.


Message History

Fire: o) +0 sling
Press: ? - help, Q - select action, (/) - cycle Shift-Dir - straight line, f/p - gnoll
Aim: a gnoll, wielding a +0 halberd of protection (severely wounded, 58% to hit)
You shoot a sling bullet.
The sling bullet closely misses the gnoll.
The sling bullet hits the plant.
The plant begins to die.
The plant is lightly damaged.
Fire: o) +0 sling
Press: ? - help, Q - select action, (/) - cycle Shift-Dir - straight line, f/p - gnoll
Aim: a gnoll, wielding a +0 halberd of protection (severely wounded, 58% to hit)
You shoot a sling bullet.
The sling bullet hits the gnoll but does no damage.
The gnoll is severely wounded.
The gnoll barely misses you. The gnoll barely misses you.
You are now empty-tentacled.
The gnoll misses you.
You tentacle-slap the gnoll but do no damage.
You grab the gnoll.
You squeeze the gnoll, but do no damage.
The gnoll is severely wounded.
You constrict the gnoll.
A nearby plant withers and dies.
The gnoll hits you with a +0 halberd of protection.
You tentacle-slap the gnoll but do no damage.
You tentacle-slap the gnoll, but do no damage.
The gnoll is almost dead.
You constrict the gnoll, but do no damage.
You barely miss the gnoll.
You tentacle-slap the gnoll, but do no damage.
You squeeze the gnoll, but do no damage.
The gnoll is almost dead.
You constrict the gnoll, but do no damage.
The gnoll hits you with a +0 halberd of protection!
* * * LOW HITPOINT WARNING * * *
You tentacle-slap the gnoll but do no damage.
You tentacle-slap the gnoll, but do no damage.
You squeeze the gnoll, but do no damage.
The gnoll is almost dead.
You constrict the gnoll.
The gnoll hits you with a +0 halberd of protection!
You die...

#.......##...# #.###.##.# #.
#.#####.##...# ##.#.#.##g# #. #.#
#......♣ ♣..#....#.# #. #.#
######♣♣♣♣♣♣♣♣##.####.# #. ..#
#....~♣~~♣~~~♣~.....#.######
######.##~~~~~~~~~~♣~.##.#.......
..........~~..~~~~~~♣♣~.......g..
#.####......)....~.~~~♣#.#..#####
#..............g@........#..#####
#####♣♣♣~~...~~...~..............
####~~~~~~~~~~♣~..P.~............
...♣~~~~~~≈~~~~~~~~~~####........
####♣~~~~≈~≈≈~~~~~~~.............
.)<#.♣~♣~~~~≈≈≈~~P~#####.........
..##.##♣♣~~~~~P~~~♣# #.........
..##.....#.~~~♣P~~♣#####.........
..######.#.#~♣♣♣~♣.....#.........


You could see a gnoll.

Vanquished Creatures
  4 gnolls (D:2)
  3 adders (D:2)
  2 dart slugs
  2 endoplasms (D:2)
  4 hobgoblins
  8 jackals
  2 kobolds
  2 ball pythons (D:1)
  2 bats
  3 frilled lizards
  3 goblins
  2 rats (D:2)
37 creatures vanquished.

Vanquished Creatures (others)
  12 plants (D:2)
12 creatures vanquished.

Grand Total: 49 creatures vanquished

Notes
Turn   | Place    | Note
-------+----------+-------------------------------------------
     0 | D:1      | voltaire321 the Octopode Transmuter began the quest for the
                  | Orb.
     0 | D:1      | Reached XP level 1. HP: 13/13 MP: 3/3
   175 | D:1      | Reached XP level 2. HP: 16/18 MP: 5/5
   203 | D:1      | Learned a level 2 spell: Wereblood
   670 | D:2      | Reached XP level 3. HP: 18/23 MP: 3/6
   672 | D:2      | Reached skill level 1 in Poison Magic
  1138 | D:2      | Found a faded altar of an unknown god.
  1225 | D:2      | Learned a level 3 spell: Spider Form
  1290 | D:2      | Reached XP level 4. HP: 6/28 MP: 1/7
  1599 | D:2      | Slain by a gnoll

Illustrated notes

Levels and vault maps discovered:
D:1:      co_arrival_square_in_a_square_in_a_square, layout_rooms
D:2:      layout_basic, shapermc_ecumenical_altar_venn, serial_bayou_ford_a,
          minmay_octomino_c4

Skill      XL: |  1  2  3 |
---------------+----------+-----
Poison Magic   | 1 |  1.8
Fighting       | |  1.8
Dodging        | |  2.6
Unarmed Combat | |  3.4
Spellcasting   | |  2.5
Transmutations | |  2.7

Action                     |  1- 3 |  4- 6 || total
---------------------------+-------+-------++-------
  Melee: Staff             |    57 |       ||    57
         Constrict         |    24 |     8 ||    32
         Tentacles         |    17 |     9 ||    26
         Punch             |     3 |     4 ||     7
         Dagger            |    19 |    18 ||    37
         Unarmed           |       |     4 ||     4
   Fire: Sling             |       |    22 ||    22
   Cast: Beastly Appendage |     3 |       ||     3
   Stab: Sleeping          |     6 |       ||     6
 Armour: Skin              |     8 |     1 ||     9
  Dodge: Dodged            |    57 |    15 ||    72

Table legend: (Time is in decaauts)
 A = Elapsed time spent in this place.
 B = Non-inter-level travel time spent in this place.
 C = Inter-level travel time spent in this place.
 D = Time resting spent in this place.
 E = Time spent auto-exploring this place.
 F = Levels seen in this place.
 G = Mean time per level.
                   A        B        C        D        E       F      G
               +--------+--------+--------+--------+--------+-----+--------+
         Total |   1618 |   1595 |     23 |    264 |    817 |   2 |  809.0 |
       Dungeon |   1618 |   1595 |     23 |    264 |    817 |   2 |  809.0 |
               +--------+--------+--------+--------+--------+-----+--------+

Top non-repeatable levels by time:
     D:2: 960 daAuts
     D:1: 657 daAuts
